 Dungeon Sprint DCSS version 0.26.1-11-gd32895ea62 (webtiles) character file.

Game seed: 17229460480411171882

140 Zeld the Shield-Bearer (level 5, -5/51 HPs)
             Began as a Deep Dwarf Fighter on June 15, 2021.
             Slain by a human
             ... wielding a cursed -2 short sword
              (8 damage)
             ... in the Dungeon (Sprint III: "The Ten Rune Challenge").
             The game lasted 00:00:53 (417 turns).

Zeld the Shield-Bearer (Deep Dwarf Fighter)          Turns: 417, Time: 00:00:54

Health: -5/51      AC:  4    Str: 21    XL:     5   Next: 2%
Magic:  5/5        EV: 10    Int:  8    God:
Gold:   38         SH: 11    Dex: 12    Spells: 4/4 levels left

rFire    . . .     SeeInvis .   a - +0 war axe
rCold    . . .     Faith    .   c - +0 kite shield
rNeg     . . .     Spirit   .   b - +0 scale mail
rPois    .         Reflect  .   (no helmet)
rElec    .         Harm     .   k - +0 cloak
rCorr    .         Rampage  .   (no gloves)
Will     .....     NoTele   +   (no boots)
Stlth    ..........             (no amulet)
HPRegen  0.00/turn              (no ring)
MPRegen  0.09/turn              (no ring)

@: corroded, non-regenerating
A: damage resistance, heal wounds, sense surroundings 1, no regeneration
a: Heal Wounds


You were in the Dungeon.
You visited 1 branch You collected 38 gold pieces.

Inventory:

Hand Weapons
 a - a +0 war axe (weapon)
Armour
 b - a +0 scale mail (worn)
 c - a +0 kite shield (worn)
 k - a +0 cloak (worn)
Scrolls
 j - a scroll of blinking
 l - 2 scrolls of immolation {unknown}
 m - a scroll of identify {unknown}
 n - 3 scrolls of remove curse
 p - a scroll of fog {unknown}
Potions
 d - a potion of might
 e - 2 potions of curing
 f - a potion of heal wounds
 g - a potion of haste
 h - 2 potions of magic
 o - 2 potions of flight


   Skills:
 + Level 4.5 Fighting
 * Level 6.6 Axes
 - Level 3.2 Armour
 + Level 4.2 Dodging
 * Level 7.1 Shields


You had 4 spell levels left.
You didn't know any spells.
Your spell library was empty.

Dungeon Overview and Level Annotations

Branches:
Dungeon (1/1)

Altars:
Dithmenos
Okawaru
Ru
Trog
Uskayaw
Wu Jian
Yredelemnul
Beogh


Innate Abilities, Weirdness & Mutations

You are resistant to damage.
You can heal yourself by infusing magical energy.
You passively map a small area around you.
You do not regenerate.


Message History

There is an open door here.
You slash the shadow!
The shadow is moderately damaged.
You closely miss the human. You block the human's attack. The shadow hits you.
* * * LOW HITPOINT WARNING * * *
You block the human's attack.
The shadow slips into darkness.
The shadow flickers and vanishes!
Deactivating autopickup; reactivate with Ctrl-A.
The jelly hits you. The acid corrodes you!
You are splashed with acid!
* * * LOW HITPOINT WARNING * * *
The necromancer casts a spell.
The necromancer binds the souls of nearby monsters.
The human rages.
You block the jelly's attack.
The shadow strikes at you from the darkness!
* * * LOW HITPOINT WARNING * * *
Reactivating autopickup.
The human hits you with a cursed -2 short sword!
You die...

# ##.# *######## , *
#####..# _ #___#__#
.#!!#..#, #p_.#$_# , ,
, .#..#..###+#'###'##,
.##'#..#........n.#,,,,
.###...'.⌠.......p#
####...#...######'#,
###....#.⌠.# #.Wp#+ * *
##.....#...# #.@J#, *
#).....#+###_ #...# * ≈
.#.....# *__#...+,
###....#_ _* +...#
**▓▓▓▓▓▓ * ▓▓▓▓▓ *, , ≈
, ≈ , ≈ ≈ ≈ + ,, ≈ **


You could see a necromancer, a human (berserk, soul bound), a shadow and a
jelly.

Vanquished Creatures
  A water elemental (D)
  Crazy Yiuf (D)
  Jessica (D)
  A human (D)
  An ooze (D)
  A rat (D)
6 creatures vanquished.

Notes
Turn   | Place    | Note
-------+----------+-------------------------------------------
     0 | D        | Zeld the Deep Dwarf Fighter began the quest for the Orb.
     0 | D        | Reached XP level 1. HP: 20/20 MP: 1/1
    13 | D        | Reached skill level 1 in Dodging
   130 | D        | Reached skill level 4 in Shields
   143 | D        | Noticed Jessica
   146 | D        | Killed Jessica
   147 | D        | Reached skill level 5 in Shields
   147 | D        | Reached XP level 2. HP: 25/28 MP: 2/2
   147 | D        | Reached XP level 3. HP: 30/34 MP: 3/3
   165 | D        | Noticed Crazy Yiuf
   177 | D        | Killed Crazy Yiuf
   178 | D        | Reached skill level 5 in Axes
   178 | D        | Reached skill level 6 in Shields
   178 | D        | Reached XP level 4. HP: 31/44 MP: 4/4
   222 | D        | Noticed a water elemental
   228 | D        | Killed a water elemental
   229 | D        | Reached skill level 7 in Shields
   229 | D        | Reached XP level 5. HP: 31/51 MP: 5/5
   404 | D        | Found a hide-covered altar of Uskayaw.
   404 | D        | Found a roughly hewn altar of Beogh.
   404 | D        | Found an iron altar of Okawaru.
   404 | D        | Found a bloodstained altar of Trog.
   404 | D        | Found an ornate altar of the Wu Jian Council.
   404 | D        | Noticed a human
   405 | D        | Noticed a human
   410 | D        | Found a basalt altar of Yredelemnul.
   410 | D        | Found a shadowy altar of Dithmenos.
   410 | D        | Found a sacrificial altar of Ru.
   410 | D        | Noticed a necrophage
   414 | D        | Noticed a shadow
   417 | D        | Slain by a human

Illustrated notes

Levels and vault maps discovered:
D:        dungeon_sprint_mu [sprint_mu_entry_cave, sprint_mu_temple_rooms,
          sprint_mu_d1_horrors, sprint_mu_d2_genie, sprint_mu_d3_branching,
          sprint_mu_orc_legion, sprint_mu_elf_gauntlet, sprint_mu_hive_nellie,
          sprint_mu_lair_fedhas, sprint_mu_vaults_butterflies,
          sprint_mu_slime_circle, sprint_mu_shoals_archi,
          sprint_mu_snake_twists, sprint_mu_blade_basic,
          sprint_mu_crypt_fortress, sprint_mu_tomb_spiral,
          sprint_mu_vestibule_basic, sprint_mu_gehenna_hellfire,
          sprint_mu_dis_giant, sprint_mu_tartarus_statrot,
          sprint_mu_cocytus_islands, sprint_mu_zot1]

Skill      XL: |  1  2  3  4 |
---------------+-------------+-----
Axes           | 4 5 6 |  6.6
Dodging        | 2 3 4 |  4.2
Fighting       | 3 4 |  4.5
Shields        | 5 6 7 |  7.1
Armour         | |  3.2

Action                   |  1- 3 |  4- 6 || total
-------------------------+-------+-------++-------
Melee: War axe           |    17 |     6 ||    23
  Use: Potion            |       |     1 ||     1
Armor: Scale mail        |     5 |     1 ||     6
Dodge: Dodged            |     4 |     3 ||     7
Block: Kite shield       |     4 |     7 ||    11
